 Dungeon Crawl Stone Soup version 0.27.1-34-g3ba077fa99 (console) character file.

Game seed: 3319746180871769777

219 Banquo the Skirmisher (level 6, -3/69 HPs)
             Began as a Djinni Chaos Knight on Jan 6, 2022.
             Was a Plaything of Xom.
             Slain by an orc (9 damage)
             ... on level 4 of the Dungeon.
             The game lasted 00:06:20 (3018 turns).

Banquo the Skirmisher (Djinni Chaos Knight)         Turns: 3018, Time: 00:06:23

Health: -3/69      AC:  6    Str: 11    XL:     6   Next: 17%
Gold:   74         EV:  9    Int: 15    God:    Xom [..*...] SH:  0 Dex: 13

rFire    + . .     SeeInvis .   n - +0 halberd (venom)
rCold    . . .     Faith    .   (shield currently unavailable)
rNeg     . . .     Spirit   .   b - +2 leather armour
rPois    ∞         Reflect  .   (no helmet)
rElec    .         Harm     .   g - +0 cloak
rCorr    .         Rampage  .   (no gloves)
Will     .....                  (boots unavailable)
Stlth    ..........             (no amulet)
HPRegen  0.21/turn              p - ring of ice
MPRegen  0.00/turn              (no ring)

@: berserking (expiring), flying, constricted, very quick
A: sickness immunity, fire resistance 2, cold vulnerability 1, float, innate
caster, hp casting, extra vitality 1
a: Renounce Religion


You were on level 4 of the Dungeon.
You worshipped Xom.
You were a toy of Xom.
You visited 1 branch of the dungeon, and saw 4 of its levels.

You collected 74 gold pieces.

Inventory:

Hand Weapons
 a - a +0 short sword of chaos
 n - a +0 halberd of venom (weapon)
Missiles
 c - 6 curare-tipped darts (quivered)
 d - 97 stones
 o - 2 throwing nets
Armour
 b - a +2 leather armour (worn)
 g - a +0 cloak (worn)
 h - a +0 cloak
 m - a +0 buckler
Jewellery
 p - a ring of ice (left hand)
Wands
 j - a wand of acid (8)
Scrolls
 e - a scroll of silence {unknown}
 f - 2 scrolls of identify {unknown}
 i - 2 scrolls of enchant armour {unknown}
Potions
 k - 3 potions of curing {unknown}
 l - a potion of degeneration {unknown}


   Skills:
 - Level 3.4 Fighting
 - Level 3.1 Short Blades
 - Level 3.0 Armour
 - Level 2.1 Dodging
 * Level 2.8 Spellcasting


You had 7 spell levels left.
You knew the following spells:

 Your Spells              Type           Power      Damage    Failure   Level
a - Freeze                Ice            64%        1d8       9%          1
r - Searing Ray           Conj           20%        3d3       12%         2
Your spell library was empty.

Dungeon Overview and Level Annotations

Branches:
Dungeon (4/15)
 Temple: D:4-7

Altars:
Wu Jian
Xom

Shops:
D:1 ?


Innate Abilities, Weirdness & Mutations

You are immune to sickness and miasma.
You are immune to poison.
Your flesh is very heat resistant. (rF++)
You are vulnerable to cold. (rC-)
You float through the air rather than walking.
You learn spells naturally, not from books.
Your magical power is your life essence.
You have superior vitality. (+4 HP)


Message History

The orc priest begins to cast a cantrip, but forgets the words!
You closely miss the orc priest.
The orc priest is almost dead.
The orc priest invokes the aid of Beogh against you.
Beogh smites you!
The orc priest hits you with a +0 short sword.
The orc wizard mumbles some strange words.
The orc wizard flickers and vanishes!
Deactivating autopickup; reactivate with Ctrl-A.
The ball python bites you but does no damage.
The ball python grabs you. The ball python constricts you.
You barely miss the orc priest.
The orc priest is almost dead.
The orc priest begins to cast a cantrip, but forgets the words!
The orc priest hits you with a +0 short sword.
Something hits you but does no damage. The ball python completely misses you.
The ball python constricts you.
You puncture the orc priest!
You kill the orc priest!
The orc priest casts a cantrip, but nothing happens.
The orc barely misses you. Something hits you but does no damage.
The ball python closely misses you. The ball python constricts you.
You miss something. The orc closely misses you.
The ball python bites you but does no damage.
The ball python constricts you. Something hits you.
You miss something.
You hear the slow rusting of a distant drain.
The ball python bites you. The ball python constricts you.
The orc closely misses you. Something hits you.
You miss something. The ball python bites you. The ball python constricts you.
The orc hits you with a +0 war axe. Something hits you but does no damage.
The ball python bites you but does no damage.
The ball python constricts you.
You miss something.
The orc priest mumbles some strange prayers to Beogh against you.
Beogh smites you!
* * * LOW HITPOINT WARNING * * *
The orc hits you with a +0 war axe!
You die...
Xom chortles!

#...# #...#######
.#####....<....#
...............##
................#
#......†<.......###
######.††##......$.
#.....o)...#
#...##@###.#
#...##S{o.....
#...##.#.....#
..........?....
##.#.##... #.#..
#.#.##.... ....
.... ..... #..
#..... ..


You could see an orc priest, an orc and a ball python.

Vanquished Creatures
  A jelly (D:3)
  An orc priest (D:4)
  A gnoll shaman (D:4)
  3 gnolls (D:3)
  3 adders
  2 worms (D:3)
  2 dart slugs
  An orc (D:3)
  5 bats
  2 endoplasms
  5 giant cockroaches
  7 goblins
  6 hobgoblins
  6 jackals
  2 quokkas
  6 ball pythons
  A frilled lizard (D:1)
  4 kobolds
  9 rats
67 creatures vanquished.

Notes
Turn   | Place    | Note
-------+----------+-------------------------------------------
     0 | D:1      | Banquo the Djinni Chaos Knight began the quest for the Orb.
     0 | D:1      | Reached XP level 1. HP: 20/20 MP: 0/0
   141 | D:1      | Found a faded altar of an unknown god.
   280 | D:1      | Found Igruen's Magic Scroll Boutique.
   295 | D:1      | Reached XP level 2. HP: 25/25 MP: 0/0
   322 | D:1      | XOM: silly message
   329 | D:1      | XOM: silly message
   365 | D:1      | XOM: silly message
   869 | D:1      | XOM: silly message
   938 | D:2      | Reached XP level 3. HP: 27/30 MP: 0/0
   938 | D:2      | Learned a level 1 spell: Freeze
  1029 | D:2      | XOM: divination: detect items
  1403 | D:2      | XOM: cast spell 'Summon Small Mammal'
  1524 | D:2      | XOM: smoke on damage
  1527 | D:2      | Reached XP level 4. HP: 32/35 MP: 0/0
  1651 | D:2      | XOM: cloud trail
  1827 | D:3      | Found an ornate altar of the Wu Jian Council.
  1863 | D:3      | XOM: 3-stop teleportation journey
  1916 | D:3      | Reached skill level 1 in Spellcasting
  2409 | D:3      | Reached XP level 5. HP: 40/40 MP: 0/0
  2409 | D:3      | Learned a level 2 spell: Searing Ray
  2634 | D:3      | XOM: potion effect (berserk rage)
  2683 | D:3      | XOM: noise
  2905 | D:3      | XOM: silly message
  2999 | D:4      | XOM: noise
  3006 | D:4      | XOM: potion effect (berserk rage)
  3011 | D:4      | Reached XP level 6. HP: 46/46 MP: 0/0
  3018 | D:4      | Slain by an orc

Illustrated notes

Levels and vault maps discovered:
D:1:      dpeg_arrival_circle_labyrinth_a, layout_loops_ring,
          hellmonk_ecumenical_altar_dog_temple, serial_shops,
          nicolae_square_shop
D:2:      layout_loops_ring
D:3:      layout_basic, nicolae_wu_jian_wuxing_cycle
D:4:      layout_loops_cross, mainiacjoe_overflow_24_doors,
          lightli_sewer_entry_pipes, st_stairs_2

Skill      XL: |  1  2  3  4  5 |
---------------+----------------+-----
Short Blades   | 3 |  3.1
Armour         | 2 3 |  3.0
Spellcasting   | 1 2 |  2.8
Fighting       | |  3.4
Dodging        | |  2.1

Action                   |  1- 3 |  4- 6 || total
-------------------------+-------+-------++-------
Melee: Short sword       |    94 |    52 ||   146
       Halberd           |       |    97 ||    97
Armor: Leather armour    |    38 |    86 ||   124
Dodge: Dodged            |    45 |   143 ||   188
